 Dungeon Crawl Stone Soup version 0.21-a0-471-gd587bd5 (webtiles) character file.

619 tof the Skirmisher (level 7, -4/56 HPs)
             Began as a Demonspawn Wanderer on Nov 21, 2017.
             Was an Initiate of Okawaru.
             Slain by a gnoll
             ... wielding a +0 spear
              (6 damage)
             ... on level 4 of the Dungeon.
             The game lasted 00:07:11 (5180 turns).

tof the Skirmisher (Demonspawn Wanderer)            Turns: 5180, Time: 00:07:12

Health: -4/56      AC:  7    Str: 18    XL:     7   Next: 21%
Magic:  7/7        EV:  9    Int: 13    God:    Okawaru [......]
Gold:   159        SH:  4    Dex: 12    Spells: 6/6 levels left

rFire    . . .     SeeInvis .     - Unarmed
rCold    . . .     Gourm    .   d - +0 buckler
rNeg     . . .     Faith    .   s - +0 scale mail
rPois    .         Spirit   .   (no helmet)
rElec    .         Reflect  .   (no cloak)
rCorr    .         Harm     .   (no gloves)
MR       .....                  (no boots)
Stlth    ..........             h - amulet of rage
HPRegen  0.18/turn              g - +3 ring of strength
MPRegen  0.10/turn              (no ring)

@: no status effects
A: rugged brown scales 1
a: Renounce Religion, Evoke Berserk Rage


You were on level 4 of the Dungeon.
You worshipped Okawaru.
Okawaru was noncommittal.
You were not hungry.

You visited 2 branches of the dungeon, and saw 5 of its levels.

You collected 159 gold pieces.

Inventory:

Hand Weapons
 b - a +0 hand crossbow
Missiles
 c - 9 bolts
Armour
 d - a +0 buckler (worn)
 s - a +0 scale mail (worn)
Jewellery
 g - a +3 ring of strength (left hand)
 h - an amulet of rage (around neck)
 y - a cursed +3 ring of protection {unknown}
Scrolls
 i - 4 scrolls of random uselessness {unknown}
 j - 4 scrolls of teleportation {unknown}
 k - a scroll of immolation {unknown}
 o - a scroll of noise {unknown}
 p - 3 scrolls of identify {unknown}
 q - 4 scrolls of remove curse {unknown}
 u - 2 scrolls of amnesia {unknown}
 x - a scroll of fear {unknown}
Potions
 e - a potion of resistance
 m - a potion of berserk rage {unknown}
 n - 2 potions of curing {unknown}
 r - 2 potions of degeneration {unknown}
 t - 3 potions of flight {unknown}
 v - 3 potions of heal wounds
 w - 2 potions of lignification {unknown}
Books
 a - a book of Battle

   Spells                             Type                      Level
   a - Infusion                       Charms                       1
   b - Shroud of Golubria             Charms/Translocation         2
   c - Song of Slaying                Charms                       2
   d - Spectral Weapon                Hexes/Charms                 3
   e - Regeneration                   Charms/Necromancy            3
Comestibles
 f - 4 bread rations
 l - 2 meat rations
 z - 5 chunks of flesh


   Skills:
 + Level 4.6 Fighting
 + Level 2.8 Crossbows
 + Level 3.5 Armour
 + Level 3.2 Shields
 + Level 2.8 Unarmed Combat
   Level 1.7 Charms
   Level 1.0 Poison Magic
 - Level 1.0 Evocations


You had 6 spell levels left.
You didn't know any spells.

Dungeon Overview and Level Annotations

Branches:
Dungeon (4/15)             Temple (1/1) D:4

Altars:
Ashenzari
Elyvilon
Fedhas
Gozag
Kikubaaqudgha
Makhleb
Nemelex Xobeh
Okawaru
Qazlal
Ru
Sif Muna
Trog
Uskayaw
Vehumet
Wu Jian
Xom
Zin
The Shining One

Annotations:
D:4 2 transporters


Innate Abilities, Weirdness & Mutations

You are partially covered in rugged brown scales. (AC +1, +3% HP)


Message History

The gnoll hits you with a spear.
* * * LOW HITPOINT WARNING * * *
You hit the gnoll but do no damage.
The gnoll is moderately wounded.
The gnoll hits you with a spear.
* * * LOW HITPOINT WARNING * * *
You hit the gnoll but do no damage.
The gnoll is moderately wounded.
The gnoll barely misses you.
You hit the gnoll.
The gnoll is heavily wounded.
The gnoll hits you with a spear.
* * * LOW HITPOINT WARNING * * *
You barely miss the gnoll.
The gnoll is heavily wounded.
You block the gnoll's attack.
You barely miss the gnoll.
The gnoll is heavily wounded.
The gnoll hits you with a spear.
You die...

#............#....#.......#
#............+....#.......#
#............#....#.......#
#............#....####+####
#............#......#
##############......#
##'####### #..# .....
#.@#...... #.g)......
#..#...... #..##....# ....
....' ..... ...# #######
..# ###


You could see a gnoll.

Vanquished Creatures
  2 ogres
  A centaur (D:3)
  A hound (D:4)
  A bullfrog skeleton (D:4)
  An orc priest (D:3)
  An iguana (D:4)
  Natasha (thrice) (D:2)
  5 gnolls
  4 adders
  2 adder skeletons (D:4)
  3 worms
  2 dart slugs
  2 leopard geckos
  6 orcs (D:3)
  2 ball pythons
  5 giant cockroaches
  5 goblins (D:3)
  6 hobgoblins
  8 jackals
  9 kobolds
  A quokka (D:3)
  7 bats
  3 frilled lizards
  A jackal skeleton (D:4)
  5 rats
86 creatures vanquished.

Notes
Turn   | Place    | Note
-------+----------+-------------------------------------------
     0 | D:1      | tof the Demonspawn Wanderer began the quest for the Orb.
     0 | D:1      | tof set off with: a book of Battle, a +0 hand crossbow, 26 bolts, a +0 buckler, a +0 robe, a bread ration
     0 | D:1      | Reached XP level 1. HP: 18/18 MP: 1/1
   441 | D:1      | Gained mutation: You are partially covered in rugged brown scales. (AC +1, +3% HP) [demonic ancestry]
   441 | D:1      | Reached XP level 2. HP: 14/24 MP: 2/2
   820 | D:1      | Found a shimmering altar of Xom.
  1073 | D:2      | Noticed Natasha
  1080 | D:2      | Killed Natasha
  1080 | D:2      | Reached skill level 1 in Crossbows
  1080 | D:2      | Reached skill level 1 in Unarmed Combat
  1080 | D:2      | Reached XP level 3. HP: 16/29 MP: 3/3
  1622 | D:2      | Noticed Natasha
  1716 | D:2      | Killed Natasha
  1716 | D:2      | Reached XP level 4. HP: 36/36 MP: 4/4
  1782 | D:2      | Found a radiant altar of Vehumet.
  2365 | D:2      | Found a sparkling altar of Nemelex Xobeh.
  2588 | D:2      | Noticed Natasha
  2591 | D:2      | Killed Natasha
  2591 | D:2      | Reached XP level 5. HP: 43/43 MP: 5/5
  2790 | D:2      | Found a sacrificial altar of Ru.
  2957 | D:3      | Noticed an ogre
  2967 | D:2      | Killed an ogre
  2967 | D:2      | Reached skill level 4 in Fighting
  3376 | D:3      | Reached XP level 6. HP: 20/49 MP: 6/6
  4642 | D:4      | Found a transporter.
  4655 | D:4      | Found a transporter.
  4825 | D:4      | Found a staircase to the Ecumenical Temple.
  4835 | Temple   | Entered the Ecumenical Temple
  4842 | Temple   | Became a worshipper of Warmaster Okawaru
  5012 | D:4      | Reached XP level 7. HP: 56/56 MP: 7/7
  5178 | D:4      | HP: 2/56 [gnoll/spear (4)]
  5180 | D:4      | Slain by a gnoll

Vault maps used:
D:1:      minmay_arrival_glassed_features, xom_teletrap_fun
D:2:      lemuel_doored_altar, nicolae_ru_path_of_blood, first_bread,
          nemelex_diamond_rough_becter, uniq_natasha
D:3:      corexii_shack_village, serial_curves, eino_curves_03, eino_curves_01,
          eino_curves_04, eino_curves_01
D:4:      gammafunk_steamed_eel, minmay_temple_entry_hall
Temple:   nicolae_temple_no_exploring_needed

Skill      XL: |  1  2  3  4  5  6 |
---------------+-------------------+-----
Armour         | 2 3 |  3.5
Crossbows      | 1 2 |  2.8
Unarmed Combat | 1 2 |  2.8
Shields        | 2 3 |  3.2
Fighting       | 4 |  4.6
Charms         | |  1.7
Poison Magic   | |  1.0
Evocations     | |  1.0

Action                   |  1- 3 |  4- 6 |  7- 9 || total
-------------------------+-------+-------+-------++-------
Melee: Unarmed           |    76 |    27 |    46 ||   149
       Hand crossbow     |       |     2 |       ||     2
 Fire: Hand crossbow     |    54 |   184 |       ||   238
  Eat: Chunk             |     1 |     7 |     1 ||     9
       Bread ration      |     1 |       |       ||     1
Armor: Robe              |    34 |     1 |       ||    35
       Scale mail        |       |    50 |    14 ||    64
Dodge: Dodged            |    79 |    65 |    15 ||   159
Block: Buckler           |    17 |    26 |     8 ||    51

Table legend:
 A = Spawn XP
 B = Non-spawn XP
 C = Spawn XP percentage of total XP
 D = Spawn monster count
 E = Non-spawn monster count
 F = Spawn count percentage of total count
 G = Total turns spent on level
                    A         B        C        D         E        F      G
               +---------+---------+-------+---------+---------+-------+---------
         Total |       0 |     885 |   0.0 |       0 |      86 |   0.0 |  5180
               +---------+---------+-------+---------+---------+-------+---------
           D:1 |       0 |      29 |   0.0 |       0 |      14 |   0.0 |  1413
           D:2 |       0 |     314 |   0.0 |       0 |      23 |   0.0 |  1794
           D:3 |       0 |     238 |   0.0 |       0 |      33 |   0.0 |  1255
           D:4 |       0 |     304 |   0.0 |       0 |      16 |   0.0 |   703
               +---------+---------+-------+---------+---------+-------+---------
